 Dungeon Crawl Stone Soup version 0.21-a0-621-gc60411f (webtiles) character file.

161 slep the Slasher (level 5, -3/39 HPs)
             Began as a Demonspawn Gladiator on Dec 24, 2017.
             Slain by a worm (6 damage)
             ... on level 3 of the Dungeon.
             The game lasted 00:06:03 (1748 turns).

slep the Slasher (Demonspawn Gladiator)             Turns: 1748, Time: 00:06:03

Health: -3/39      AC:  7    Str: 14    XL:     5   Next: 19%
Magic:  5/5        EV: 13    Int:  9    God:
Gold:   76         SH:  0    Dex: 16    Spells: 4/4 levels left

rFire    . . .     SeeInvis .   a - +0 long sword
rCold    . . .     Gourm    .   (no shield)
rNeg     . . .     Faith    .   b - +0 leather armour
rPois    .         Spirit   .   c - +0 helmet
rElec    .         Reflect  .   (no cloak)
rCorr    .         Harm     .   o - +0 pair of gloves
MR       .....                  (no boots)
Stlth    +.........             (no amulet)
HPRegen  0.13/turn              h - ring of wizardry
MPRegen  0.09/turn              (no ring)

@: no status effects
A: yellow scales 1
a: no special abilities


You were on level 3 of the Dungeon.
You were not hungry.

You visited 1 branch of the dungeon, and saw 3 of its levels.

You collected 76 gold pieces.

Inventory:

Hand Weapons
 a - a +0 long sword (weapon)
Missiles
 d - 3 throwing nets (quivered)
 t - 6 tomahawks
Armour
 b - a +0 leather armour (worn)
 c - a +0 helmet (worn)
 l - a +0 robe
 o - a +0 pair of gloves (worn)
Jewellery
 h - a ring of wizardry (left hand)
Scrolls
 e - 2 scrolls of teleportation {unknown}
 i - a scroll of magic mapping {unknown}
 j - a scroll of amnesia {unknown}
Potions
 g - a potion of lignification {unknown}
 k - a potion of ambrosia {unknown}
 n - a potion of brilliance {unknown}
 p - a potion of degeneration {unknown}
 q - a potion of heal wounds {unknown}
 r - a potion of might {unknown}
 s - a potion of curing {unknown}
Comestibles
 f - 6 rations


   Skills:
 + Level 2.5 Fighting
 + Level 4.3 Long Blades
 + Level 1.7 Throwing
 + Level 1.2 Armour
 + Level 3.3 Dodging
 + Level 0.4 Stealth


You had 4 spell levels left.
You didn't know any spells.

Dungeon Overview and Level Annotations

Branches:
Dungeon (3/15)

Altars:
Uskayaw
The Shining One

Annotations:
D:3 Grinder


Innate Abilities, Weirdness & Mutations

You are partially covered in yellow scales. (AC +2)


Message History

You hit Grinder.
Grinder is moderately wounded.
Grinder barely misses you.
You riposte.
You hit Grinder.
Grinder is moderately wounded.
You barely miss Grinder.
Grinder is moderately wounded.
Grinder gestures at you. Pain shoots through your body!
You hit Grinder but do no damage.
Grinder is moderately wounded.
Grinder gestures at you. Pain shoots through your body!
* * * LOW HITPOINT WARNING * * *
You barely miss Grinder.
Grinder is moderately wounded.
Grinder misses you.
You riposte.
You closely miss Grinder.
Grinder is moderately wounded.
Grinder blinks!
The worm bites you.
You die...

#..........####
#..............
#.....<....###
#..........#..
#..........#.#
............#.#
+.........#.#.#
#.#########)#.##.##.
# #.@w.5....
###.##.... .# . .#
.. .# .# .#


You could see Grinder and a worm.

Vanquished Creatures
  Jessica (D:2)
  Robin (D:2)
  5 adders (D:2)
  A worm (D:2)
  A dart slug (D:1)
  3 leopard geckos (D:2)
  An orc (D:3)
  4 bats (D:1)
  6 giant cockroaches
  12 goblins
  9 hobgoblins
  8 jackals (D:2)
  A quokka (D:3)
  2 frilled lizards
  3 kobolds
  9 rats
67 creatures vanquished.

Notes
Turn   | Place    | Note
-------+----------+-------------------------------------------
     0 | D:1      | slep the Demonspawn Gladiator began the quest for the Orb.
     0 | D:1      | Reached XP level 1. HP: 16/16 MP: 1/1
   110 | D:1      | Reached skill level 3 in Long Blades
   112 | D:1      | Gained mutation: You are partially covered in yellow scales. (AC +2) [demonic ancestry]
   112 | D:1      | Reached XP level 2. HP: 8/22 MP: 2/2
   971 | D:1      | Reached XP level 3. HP: 27/27 MP: 3/3
  1204 | D:2      | Noticed Jessica
  1218 | D:2      | Killed Jessica
  1218 | D:2      | Reached XP level 4. HP: 31/33 MP: 4/4
  1297 | D:2      | Found a hide-covered altar of Uskayaw.
  1341 | D:2      | Reached skill level 4 in Long Blades
  1349 | D:2      | Reached skill level 1 in Armour
  1426 | D:2      | Found a glowing golden altar of the Shining One.
  1460 | D:2      | Noticed Robin
  1481 | D:2      | Killed Robin
  1572 | D:2      | Reached XP level 5. HP: 34/39 MP: 5/5
  1724 | D:3      | Noticed Grinder
  1748 | D:3      | Slain by a worm

Vault maps used:
D:1:      eino_arrival_cavern_b, serial_forest, infiniplex_forest_fountain,
          infiniplex_forest_clump_double, infiniplex_forest_join,
          infiniplex_forest_lined_4_way, infiniplex_forest_side_room
D:2:      overflow_temple_1_default, tso_oasis_becter, uniq_jessica, uniq_robin
D:3:      nicolae_ru_great_annihilating_truth, first_ration,
          corexii_leaking_fountain, feat_on_display, uniq_grinder

Skill      XL: |  1  2  3  4 |
---------------+-------------+-----
Long Blades    | 3 4 |  4.3
Dodging        | 3 |  3.3
Armour         | 1 |  1.2
Fighting       | |  2.5
Throwing       | |  1.7
Stealth        | |  0.4

Action                   |  1- 3 |  4- 6 || total
-------------------------+-------+-------++-------
Melee: Long sword        |    70 |   118 ||   188
 Stab: Sleeping          |     1 |     1 ||     2
  Eat: Chunk             |       |     3 ||     3
Armor: Leather armour    |    24 |    36 ||    60
Dodge: Dodged            |    57 |   109 ||   166
       Rpst.: Long sword |    23 |    34 ||    57

Table legend:
 A = Spawn XP
 B = Non-spawn XP
 C = Spawn XP percentage of total XP
 D = Spawn monster count
 E = Non-spawn monster count
 F = Spawn count percentage of total count
 G = Total turns spent on level
                    A         B        C        D         E        F      G
               +---------+---------+-------+---------+---------+-------+---------
         Total |       0 |     231 |   0.0 |       0 |      67 |   0.0 |  1748
               +---------+---------+-------+---------+---------+-------+---------
           D:1 |       0 |      42 |   0.0 |       0 |      26 |   0.0 |  1119
           D:2 |       0 |     184 |   0.0 |       0 |      39 |   0.0 |   597
           D:3 |       0 |       5 |   0.0 |       0 |       2 |   0.0 |    32
               +---------+---------+-------+---------+---------+-------+---------
